 Dungeon Crawl Stone Soup version 0.31-a0-431-g88bdf31460 (webtiles) character file.

Game seed: 504416624256840800

700 LeprechaunX the Ruffian (level 7, 0/48 HPs)
             Began as an Octopode Shapeshifter on July 31, 2023.
             Slain by an orc wizard
             ... wielding a +0 dagger
              (4 damage)
             ... on level 5 of the Dungeon.
             The game lasted 00:05:23 (3752 turns).

LeprechaunX the Ruffian (Octopode Shapeshifter)     Turns: 3752, Time: 00:05:23

Health: 0/48       AC:  1    Str: 16    XL:     7   Next: 65%
Magic:  7/7        EV: 14    Int: 10    God:
Gold:   245        SH:  0    Dex: 13    Spells: 6/6 levels left

rFire   . .          .
                       - Unarmed
rCold   . . .        (no shield)
rNeg    . . .        (helmet currently unavailable)
rPois   .            (no amulet)
rElec   .            (no ring)
rCorr   .            (no ring)
SInv    .            (no ring)
Will    .....        (no ring)
Stlth   ++           (no ring)
HPRegen 0.28/turn    (no ring)
MPRegen 0.10/turn    (no ring)
                     (no ring)

%: no passive effects
@: beast-form
A: beast (slay +3), almost no armour, amphibious, 8 rings, camouflage 1,
gelatinous body 1, (nimble swimmer 1), tentacles
a: Begin Untransformation


You were on level 5 of the Dungeon.
You were a hulking beast.
You visited 1 branch of the dungeon, and saw 5 of its levels.

You collected 245 gold pieces.

Inventory:

Missiles
 l - a throwing net (quivered)
Talismans
 b - a beast talisman (active)
Wands
 f - a wand of polymorph (7)
Scrolls
 c - 4 scrolls of identify {unknown}
 d - a scroll of silence {unknown}
 e - a scroll of noise {unknown}
 g - 2 scrolls of teleportation {unknown}
 h - a scroll of fog {unknown}
Potions
 a - a potion of lignification
 i - a potion of haste {unknown}
 j - a potion of might {unknown}
 k - a potion of degeneration {unknown}
 m - a potion of enlightenment {unknown}
 n - a potion of mutation {unknown}


   Skills:
 - Level 4.0 Fighting
 - Level 4.0 Dodging
 + Level 5.3 Unarmed Combat
 + Level 4.6 Shapeshifting


You had 6 spell levels left.
You didn't know any spells.
Your spell library contained the following spells:

 Spells                   Type           Power      Damage    Failure   Level
 Foxfire                  Conj/Fire      0%         2x1d4     36%         1
 Magic Dart               Conj           0%         1d3       36%         1
 Searing Ray              Conj           0%         2d4       50%         2
 Animate Dead             Necr           0%         N/A       98%         4
 Fulminant Prism          Conj/Hex       0%         3d5       98%         4
 Plasma Beam              Fire/Air       0%         2x1d10    100%        6
 Starburst                Conj/Fire      0%         6d3       100%        6
 Haunt                    Necr/Summ      0%         N/A       100%        7
 Infestation              Necr           0%         N/A       100%        8


Dungeon Overview and Level Annotations

Branches:
Dungeon (5/15)
 Temple: D:4-7

Altars:
Okawaru
Sif Muna
Trog
Uskayaw

Shops:
D:1 (   D:5 =


Innate Abilities, Weirdness & Mutations

You are a hulking beast.
Your limbs bulge with bestial killing power. (Slay +3)
You cannot wear most types of armour.
You are amphibious.
You can wear up to eight rings at the same time.
Your skin changes colour to match your surroundings (Stealth+).
Your rubbery body absorbs attacks. (AC +1, EV +1)
((You are camouflaged when in or above water. (Stealth+)))
You have tentacles for arms and can constrict up to eight enemies at once.


Message History

The magic dart hits you. The orc wizard casts a spell at you.
The magic dart hits you.
You miss the orc wizard.
The orc wizard is heavily wounded.
The orc wizard casts a spell.
The orc wizard flickers and vanishes!
You completely miss something. Your squeeze misses something.
Something hits you. Something hits you but does no damage.
You closely miss something. You squeeze something!
Reactivating autopickup.
You feel a bit more experienced.
You feel less confused. Something hits you.
Deactivating autopickup; reactivate with Ctrl-A.
Something hits you.
Things that are here:
a +0 dagger; a +0 robe; an orc corpse Something hits you.
Something hits you.
There is an open door here.
Something hits you.
You barely miss something. Something hits you.
You bludgeon something! Your squeeze misses something.
Something completely misses you.
You tentacle-slap something but do no damage.
Something hits you.
You miss something. You barely miss something. Your squeeze misses something.
Something hits you.
* * * LOW HITPOINT WARNING * * *
You tentacle-slap something but do no damage.
Your squeeze misses something.
You hear some strange, mumbled words.
A magic dart appears from out of thin air!
The magic dart hits you!
* * * LOW HITPOINT WARNING * * *
You barely miss something. Your squeeze misses something. Something hits you.
* * * LOW HITPOINT WARNING * * *
You tentacle-slap something. Something hits you.
You die...

####### #..#..##
#_h{.).##
#..#....##
####.....#
#.⌠.⌠.########
+..⌠.......).##
#.⌠.⌠.#.......#
#.....#........#
#....##........#
+...##..........


There were no monsters in sight!

Vanquished Creatures
  Edmund (D:5)
  A phantom (D:4)
  2 scorpions (D:4)
  2 hounds
  A gnoll bouda (D:4)
  A sleepcap (D:3)
  An orc wizard (D:5)
  6 gnolls
  9 adders
  An ufetubus (D:5)
  4 worms
  5 dart slugs
  5 bats
  9 endoplasms
  A giant cockroach (D:3)
  6 goblins
  13 hobgoblins
  8 jackals (D:1)
  7 kobolds
  3 quokkas
  9 ball pythons
  4 frilled lizards
  6 rats
105 creatures vanquished.

Notes
Turn   | Place    | Note
-------+----------+-------------------------------------------
     0 | D:1      | LeprechaunX the Octopode Shapeshifter began the quest for
                  | the Orb.
     0 | D:1      | Reached XP level 1. HP: 13/13 MP: 1/1
    89 | D:1      | Found Qeup Ywec's Weapon Shop.
    96 | D:1      | Reached XP level 2. HP: 12/18 MP: 2/2
   470 | D:1      | Reached XP level 3. HP: 23/23 MP: 3/3
  1080 | D:2      | Reached XP level 4. HP: 29/29 MP: 4/4
  1567 | D:3      | Found a bloodstained altar of Trog.
  1673 | D:3      | Reached XP level 5. HP: 30/35 MP: 5/5
  1739 | D:3      | Found a faded altar of an unknown god.
  1870 | D:3      | Found an iron altar of Okawaru.
  1900 | D:3      | Identified the +5 scale mail "Xusetukk" {Regen+ SInv}
  2270 | D:4      | Reached skill level 4 in Unarmed Combat
  2386 | D:4      | Noticed a phantom
  2438 | D:3      | Reached XP level 6. HP: 25/41 MP: 6/6
  2447 | D:3      | HP: 2/41 [gnoll/+0 whip (5)]
  2673 | D:4      | Found a hide-covered altar of Uskayaw.
  2831 | D:4      | Reached XP level 7. HP: 17/46 MP: 7/7
  3506 | D:5      | Entered Level 5 of the Dungeon
  3506 | D:5      | Found Xuar Gearo's Jewellery Shoppe.
  3527 | D:5      | Noticed Edmund
  3543 | D:5      | Killed Edmund
  3544 | D:5      | Reached skill level 5 in Unarmed Combat
  3730 | D:5      | Found a shimmering blue altar of Sif Muna.
  3752 | D:5      | Slain by an orc wizard

Illustrated notes

Levels and vault maps discovered:
D:1:      mrwooster_arrival_statue, layout_basic, serial_aquarium,
          aquarium_bridge_square [aquarium_subvault_bridge,
          aquarium_subvault_wall, aquarium_subvault_window,
          aquarium_subvault_balcony], aquarium_window_fake, aquarium_window_1,
          aquarium_view_2d, aquarium_view_2d, aquarium_balcony_1a,
          aquarium_pool_side, serial_shops, nicolae_diamond_shop
D:2:      layout_loops_ring
D:3:      layout_basic, lemuel_crystal_altar, bloody_trog,
          hellmonk_ecumenical_altar_lost_god
D:4:      layout_basic, nicolae_overflow_crystal_walls
D:5:      layout_rooms, palyth_temple_overflow_mages, serial_shops,
          nicolae_stop_n_shop_2, serial_curves, eino_curves_02, eino_curves_04,
          hex_intersection, uniq_edmund

Skill      XL: |  1  2  3  4  5  6  7 |
---------------+----------------------+-----
Fighting       | 2 3 4 |  4.0
Dodging        | 3 4 |  4.0
Unarmed Combat | 4 5 |  5.3
Shapeshifting  | 4 |  4.6

Action                     |  1- 3 |  4- 6 |  7- 9 || total
---------------------------+-------+-------+-------++-------
  Melee: Unarmed           |    70 |   108 |    37 ||   215
         Constrict         |    18 |    37 |     8 ||    63
         Tentacles         |     9 |    23 |    12 ||    44
         Punch             |     2 |     5 |     3 ||    10
  Throw: Throwing net      |       |       |     1 ||     1
   Stab: Sleeping          |     4 |    11 |     2 ||    17
 Armour: Skin              |     6 |     2 |     3 ||    11
  Dodge: Dodged            |    34 |    72 |    11 ||   117

Table legend: (Time is in decaauts)
 A = Elapsed time spent in this place.
 B = Non-inter-level travel time spent in this place.
 C = Inter-level travel time spent in this place.
 D = Time resting spent in this place.
 E = Time spent auto-exploring this place.
 F = Levels seen in this place.
 G = Mean time per level.
                   A        B        C        D        E       F      G
               +--------+--------+--------+--------+--------+-----+--------+
         Total |   3736 |   3603 |    133 |    317 |   2624 |   5 |  747.2 |
       Dungeon |   3736 |   3603 |    133 |    317 |   2624 |   5 |  747.2 |
               +--------+--------+--------+--------+--------+-----+--------+

Top non-repeatable levels by time:
     D:4: 1044 daAuts
     D:3: 923 daAuts
     D:1: 846 daAuts
     D:2: 679 daAuts
     D:5: 243 daAuts
